 Dungeon Crawl Stone Soup version 0.32-a0-791-gfc315c9ecd (webtiles) character file.

Game seed: 13908018555412798550

90 Essalna the Digger (level 4, -9/24 HPs)
             Began as a Gargoyle Earth Elementalist on Mar 20, 2024.
             Mangled by an ogre
             ... wielding a +0 giant club
              (19 damage)
             ... on level 4 of the Dungeon.
             The game lasted 00:03:09 (2451 turns).

Essalna the Digger (Gargoyle Earth Elementalist)    Turns: 2451, Time: 00:03:09

Health: -9/24      AC:  7    Str: 11    XL:     4   Next: 56%
Magic:  4/8        EV: 11    Int: 18    God:
Gold:   187        SH:  5    Dex: 10    Spells: 8/9 levels left

rFire   . . .        n - +2 dagger (venom)
rCold   . . .        (no shield)
rNeg    + . .        a - +0 robe
rPois   ∞            u - +0 helmet
rElec   +            l - +0 cloak
rCorr   .            (no gloves)
SInv    .            (no boots)
Will    .....        m - amulet of reflection
Stlth   ++           (no ring)
HPRegen 0.24/turn    (no ring)
MPRegen 0.11/turn

%: reflection
@: no status effects
A: sickness immunity, AC +3, negative energy resistance 1, electricity
resistance, torment resistance 1, petrification resistance
a: no special abilities


You were on level 4 of the Dungeon.
You visited 1 branch of the dungeon, and saw 4 of its levels.

You collected 187 gold pieces.

Inventory:

Hand Weapons
 g - a +0 dagger
 n - a +2 dagger of venom (weapon)
Armour
 a - a +0 robe (worn)
 l - a +0 cloak (worn)
 u - a +0 helmet (worn)
Jewellery
 j - a ring of fire
 m - an amulet of reflection (around neck)
Wands
 p - a wand of quicksilver (12)
Scrolls
 d - a scroll of butterflies {unknown}
 e - 10 scrolls of identify {unknown}
 f - 2 scrolls of fog {unknown}
 h - a scroll of amnesia {unknown}
 i - a scroll of immolation {unknown}
 k - 2 scrolls of teleportation {unknown}
 o - 4 scrolls of fear {unknown}
 q - a scroll of torment {unknown}
 w - a scroll of vulnerability {unknown}
 x - a scroll of silence {unknown}
Potions
 b - a potion of magic
 c - a potion of haste {unknown}
 r - 2 potions of mutation {unknown}
 s - a potion of berserk rage {unknown}
 t - a potion of lignification {unknown}
 v - 2 potions of heal wounds {unknown}


   Skills:
 + Level 0.7 Fighting
 - Level 1.5 Dodging
 - Level 2.1 Stealth
 + Level 3.0 Spellcasting
 + Level 2.6 Conjurations
 + Level 4.5 Earth Magic


You had 8 spell levels left.
You knew the following spells:

 Your Spells              Type           Power      Damage    Failure   Level
a - Sandblast             Erth           38%        2d10      2%          1

Your spell library contained the following spells:

 Spells                   Type           Power      Damage    Failure   Level
 Passwall                 Erth           19%        N/A       8%          3
 Foxfire                  Conj/Fire      28%        2x1d5     10%         1
 Stone Arrow              Conj/Erth      30%        3d8       11%         3
 Brom's Barrelling Bould  Conj/Erth      15%        2d4       36%         4
 Gell's Gravitas          Tloc           2%         N/A       43%         3
 Teleport Other           Tloc           2%         N/A       43%         3
 Petrify                  Alch/Erth      10%        N/A       54%         4
 Dispersal                Tloc           1%         N/A       100%        6
 Plasma Beam              Fire/Air       1%         2x1d11    100%        6
 Starburst                Conj/Fire      3%         6d3       100%        6


Dungeon Overview and Level Annotations

Branches:
Dungeon (4/15)
 Temple: D:4-7

Altars:
Gozag

Shops:
D:2 :

Annotations:
D:4 3 runed translucent doors, hofbold's ghost, amateur CoAr


Innate Abilities, Weirdness & Mutations

You are immune to sickness and miasma.
Your stone body is resilient. (AC +3)
You are immune to poison.
You resist negative energy. (rN+)
You are resistant to electric shocks. (rElec)
You are resistant to unholy torment.
You are immune to petrification.


Message History

Nothing appears to happen.
The blast of sand hits the kobold.
You kill the kobold!
You can't see any susceptible monsters within range! (Use Z to cast anyway.)
You can't see any susceptible monsters within range! (Use Z to cast anyway.)
Your magical contamination has completely faded away.
You see here a +0 whip of freezing.
Found a sling.
Found a stone staircase leading up.
There is a stone staircase leading up here.
An ogre comes into view. It is wielding a +0 giant club.
The ogre shouts!
You see here a scroll labelled ULYGUASMYB.
An ogre is nearby!
An ogre is nearby!
The blast of sand hits the ogre.
The ogre is lightly wounded.
The blast of sand hits the ogre!
The ogre is moderately wounded.
An adder comes into view.
An endoplasm comes into view.
The blast of sand hits the ogre.
The ogre is heavily wounded.
The adder hisses angrily.
The ogre hits you with a +0 giant club!
Ouch! That really hurt!
You are too injured to fight recklessly!
You are too injured to fight recklessly!
You are too injured to fight recklessly!
Casting: Sandblast (safe; 2% risk of failure)
Confirm with . or Enter, or press ? or * to list all spells.
You don't know that spell.
Casting: Sandblast (safe; 2% risk of failure)
Confirm with . or Enter, or press ? or * to list all spells.
Aiming: Sandblast (safe; 2% risk of failure)
Press: ? - help, Shift-Dir - straight line, f/p - ogre
Aim: an ogre, wielding a +0 giant club (heavily wounded, 91% to hit)
The blast of sand hits the ogre.
The ogre is heavily wounded.
The ogre hits you with a +0 giant club!!
Ouch! That really hurt!
You die...

### ##.##
######.#.#########
#...<.###.........
#....## ##...)....
##...#.##
#########
#).?....# #
##@..#### # #O.##
# ..... # ..S.....
# .........# #
#..#J.##..# #
#.....# ..# #
#..##.# .# # #


You could see an ogre, an adder and an endoplasm.

Vanquished Creatures
  A jelly (D:4)
  A dart slug (D:3)
  An orc (D:4)
  3 ball pythons
  4 bats
  8 endoplasms
  6 giant cockroaches
  7 goblins
  3 hobgoblins
  2 jackals (D:2)
  5 kobolds
  2 quokkas
  A frilled lizard (D:1)
  4 rats
48 creatures vanquished.

Notes
Turn   | Place    | Note
-------+----------+-------------------------------------------
     0 | D:1      | Essalna the Gargoyle Earth Elementalist began the quest for
                  | the Orb.
     0 | D:1      | Reached XP level 1. HP: 10/10 MP: 3/3
   222 | D:1      | Reached XP level 2. HP: 15/15 MP: 1/5
   444 | D:1      | Reached skill level 4 in Earth Magic
   595 | D:1      | Reached XP level 3. HP: 19/19 MP: 3/6
  1219 | D:2      | Found Ygovac's Vocational Training.
  1285 | D:2      | Found a faded altar of an unknown god.
  2251 | D:4      | Reached XP level 4. HP: 24/24 MP: 4/8
  2391 | D:4      | Found a runed translucent gate.
  2391 | D:4      | Found a runed translucent gate.
  2392 | D:4      | Found a runed translucent gate.
  2392 | D:4      | Found an opulent altar of Gozag.
  2395 | D:4      | Noticed hofbold's ghost (amateur CoAr)
  2446 | D:4      | Noticed an ogre
  2451 | D:4      | Mangled by an ogre

Illustrated notes

Levels and vault maps discovered:
D:1:      minmay_arrival_glassed_features, layout_basic,
          amcnicky_mini_rare_corridor_liquid, minmay_hexomino_r4
D:2:      layout_basic, hellmonk_ecumenical_altar_zigzags,
          nicolae_shop_vocational
D:3:      layout_rooms
D:4:      layout_loops_ring, ebering_ghost_gozag, kennysheep_opposing_triangles,
          uniq_crazy_yiuf_cottage

Skill      XL: |  1  2  3  4 |
---------------+-------------+-----
Earth Magic    | 4 |  4.5
Conjurations   | 2 |  2.6
Spellcasting   | 3 |  3.0
Fighting       | |  0.7
Dodging        | |  1.5
Stealth        | |  2.1

Action                     |  1- 3 |  4- 6 || total
---------------------------+-------+-------++-------
  Melee: Unarmed           |     3 |       ||     3
         Dagger            |    60 |       ||    60
   Cast: Sandblast         |    42 |     9 ||    51
   Stab: Sleeping          |     1 |       ||     1
 Armour: Robe              |    36 |     3 ||    39
  Dodge: Dodged            |    52 |       ||    52
  Block: Other             |     9 |       ||     9

Table legend: (Time is in decaauts)
 A = Elapsed time spent in this place.
 B = Non-inter-level travel time spent in this place.
 C = Inter-level travel time spent in this place.
 D = Time resting spent in this place.
 E = Time spent auto-exploring this place.
 F = Levels seen in this place.
 G = Mean time per level.
                   A        B        C        D        E       F      G
               +--------+--------+--------+--------+--------+-----+--------+
         Total |   2474 |   2454 |     20 |      0 |   2083 |   4 |  618.5 |
       Dungeon |   2474 |   2454 |     20 |      0 |   2083 |   4 |  618.5 |
               +--------+--------+--------+--------+--------+-----+--------+

Top non-repeatable levels by time:
     D:1: 1032 daAuts
     D:2: 686 daAuts
     D:3: 470 daAuts
     D:4: 284 daAuts
